 Dungeon Crawl Stone Soup version 0.20.0-15-g7f486f2 (webtiles) character file.

39 anfisbena the Charmwright (level 3, -1/24 HPs)
             Began as a Merfolk Skald on June 16, 2017.
             Killed from afar by an orc wizard (4 damage)
             ... with a magic dart
             ... on level 2 of the Dungeon.
             The game lasted 00:01:46 (1578 turns).

anfisbena the Charmwright (Merfolk Skald)           Turns: 1578, Time: 00:01:46

Health: -1/24      AC:  8    Str: 11    XL:     3   Next: 47%
Magic:  6/6        EV: 12    Int: 17    God:
Gold:   88         SH:  0    Dex: 13    Spells: 3/6 levels left

rFire    . . .     SeeInvis +   n - +2 trident (venom)
rCold    . . .     Gourm    .   (no shield)
rNeg     . . .     Faith    .   a - +2 leather armour {rPois}
rPois    +         Spirit   .   j - +0 helmet (curse)
rElec    +         Reflect  .   m - +1 cloak
rCorr    .         Harm     .   (no gloves)
MR       .....                  (no boots)
Stlth    +.........             (no amulet)
Regen    0.1/turn               h - +6 ring of intelligence
MPRegen  0.1/turn               (no ring)

@: very slightly contaminated
A: change form in water, swift swim, stealthy swim, see invisible, dopey 1,
frail 1, electricity resistance
a: no special abilities


You were on level 2 of the Dungeon.
You were not hungry.

You visited 1 branch of the dungeon, and saw 2 of its levels.

You collected 88 gold pieces.

Inventory:

Hand Weapons
 n - a +2 trident of venom (weapon)
Armour
 a - a +2 leather armour of poison resistance (worn)
 j - a cursed +0 helmet (worn)
 m - a +1 cloak (worn)
Jewellery
 h - a +6 ring of intelligence (left hand)
Scrolls
 e - 3 scrolls of identify {unknown}
 f - a scroll of teleportation {unknown}
 k - a scroll of amnesia {unknown}
Books
 c - a book of Battle

   Spells                             Type                      Level
   a - Infusion                       Charms                       1
   b - Shroud of Golubria             Charms/Translocation         2
   c - Song of Slaying                Charms                       2
   d - Spectral Weapon                Hexes/Charms                 3
   e - Regeneration                   Charms/Necromancy            3
Comestibles
 d - 2 bread rations
 l - a meat ration


   Skills:
 - Level 2.1 Fighting
 - Level 3.0 Polearms
 - Level 0.6 Armour
 - Level 2.6 Dodging
 - Level 2.0 Spellcasting
 - Level 4.0 Charms
 + Level 1.7 Translocations


You had 3 spell levels left.
You knew the following spells:

 Your Spells              Type           Power        Failure   Level  Hunger
a - Infusion              Chrm           ###.         4%          1    #......
b - Shroud of Golubria    Chrm/Tloc      ##........   12%         2    ###....


Dungeon Overview and Level Annotations

Branches:
Dungeon (2/15)

Altars:


Innate Abilities, Weirdness & Mutations

You revert to your normal form in water.
You are very nimble and swift while swimming.
You are very stealthy in the water. (Stealth+)
You have supernaturally acute eyesight. (SInv)
You are dopey. (Int -2)
You are frail. (-10% HP)
You are resistant to electric shocks. (rElec)


Message History

The orc priest calls down the wrath of Beogh upon you.
Beogh smites you!
Ouch! That really hurt!
* * * LOW HITPOINT WARNING * * *
The orc wizard hits you but does no damage.
You see here a stone.
The orc wizard misses you.
It was a potion of mutation.
You feel extremely strange.
You feel frail.
You feel insulated.
You feel stupid.
Your vision sharpens.
The orc wizard closely misses you.
The orc priest looks braver for a moment.
The orc wizard mumbles some strange words.
The orc wizard blinks!
The orc priest mumbles some strange prayers to Beogh against you.
Pain shoots through your body!
* * * LOW HITPOINT WARNING * * *
The orc wizard barely misses you.
The orc wizard gestures at you while chanting.
The magic dart hits you!
You die...

#.###.......#..#.#..
##.##...........#.#..
#...#................
#...#................
#...##.......#.......
#...###.....##.......
######....<.............#.
##.........###..####.###.#.
..........o@# #..# #.......
..#.........###.## #.####..
######........# #.####..
#.oo###### #[...#.# #.g.#
#.##.#.# ######(..#
#.##.#.# #...?....#
#......# #.#...#.##
####.### #..(#... #....


You could see 2 orc priests, an orc wizard and a goblin.

Vanquished Creatures
  A leopard gecko (D:2)
  2 orcs (D:2)
  4 giant cockroaches
  6 goblins
  3 hobgoblins
  3 jackals (D:2)
  A quokka (D:2)
  3 bats
  3 frilled lizards
  3 kobolds
  3 rats (D:1)
32 creatures vanquished.

Notes
Turn   | Place    | Note
-------+----------+-------------------------------------------
     0 | D:1      | anfisbena the Merfolk Skald began the quest for the Orb.
     0 | D:1      | Reached XP level 1. HP: 16/16 MP: 3/3
   247 | D:1      | Reached XP level 2. HP: 22/22 MP: 1/5
   251 | D:1      | Reached skill level 4 in Charms
   261 | D:1      | Learned a level 2 spell: Shroud of Golubria
   657 | D:1      | Reached skill level 1 in Translocations
  1174 | D:2      | Reached XP level 3. HP: 27/27 MP: 4/6
  1575 | D:2      | Gained mutation: You are frail. (-10% HP) [potion of mutation]
  1575 | D:2      | Gained mutation: You are resistant to electric shocks. (rElec) [potion of mutation]
  1575 | D:2      | Gained mutation: You are dopey. (Int -2) [potion of mutation]
  1575 | D:2      | Gained mutation: You have supernaturally acute eyesight. (SInv) [potion of mutation]
  1578 | D:2      | Killed from afar by an orc wizard

Skill      XL: |  1  2 |
---------------+-------+-----
Charms         | 4 |  4.0
Translocations | 1 |  1.7
Fighting       | |  2.1
Polearms       | |  3.0
Armour         | |  0.6
Dodging        | |  2.6
Spellcasting   | |  2.0

Action                   || total
-------------------------++-------
Melee: Spear             ||    68
       Trident           ||    17
 Cast: Infusion          ||    15
  Use: Potion            ||     1
  Eat: Chunk             ||     2
Armor: Leather armour    ||    18
Dodge: Dodged            ||    51
